 Dungeon Crawl Stone Soup version 0.18-a0-1523-gbe15c29 (webtiles) character file.

380 mrath the Cudgeler (level 6, -4/47 HPs)
             Began as a Demonspawn Abyssal Knight on Mar 7, 2016.
             Was a Priest of Lugonu.
             Slain by an ogre
             ... wielding a +0 giant club
              (16 damage)
             ... on level 5 of the Dungeon.
             The game lasted 00:25:05 (4800 turns).

mrath the Cudgeler (Demonspawn Abyssal Knight)      Turns: 4800, Time: 00:25:06

Health: -4/47      AC: 10    Str: 15    XL:     6   Next: 46%
Magic:  0/8        EV: 10    Int: 13    God:    Lugonu [***...]
Gold:   261        SH:  0    Dex: 15    Spells: 0 memorised, 5 levels left

rFire  . . .     SeeInvis .     a - +1 mace
rCold  . . .     Gourm    .     v - +0 scale mail
rNeg   . . .     Faith    .     (no shield)
rPois  .         Spirit   +     (helmet restricted)
rElec  .         Dismiss  .     A - +0 cloak
rCorr  +         Reflect  .     (no gloves)
SustAt .         Harm     .     C - +0 pair of boots
MR     .....                    (no amulet)
Stlth  ..........               q - ring of resist corrosion
                                j - +3 ring of dexterity

@: not resistant to hostile enchantments, extremely unstealthy
A: antennae 1, yellow scales 1, magic shield, magic regeneration
a: Depart the Abyss, Bend Space, Banish, Renounce Religion


You were on level 5 of the Dungeon.
You worshipped Lugonu.
Lugonu was most pleased with you.
You were not hungry.

You visited 1 branch of the dungeon, and saw 5 of its levels.
You visited the Abyss 1 time.

You collected 261 gold pieces.

Inventory:

Hand Weapons
 a - a +1 mace (weapon)
 k - a +0 hunting sling
 o - a +0 short sword of speed
 r - a +1 spear of piercing
Missiles
 e - 266 stones
 s - 3 javelins of penetration (quivered)
 x - 29 sling bullets
Armour
 v - a +0 scale mail (worn)
 A - a +0 cloak (worn)
 C - a +0 pair of boots (worn)
Jewellery
 j - a +3 ring of dexterity (left hand)
 q - a ring of resist corrosion (right hand)
Scrolls
 b - a scroll of magic mapping {unknown}
 d - 5 scrolls of remove curse
 g - 2 scrolls of amnesia {unknown}
 h - a scroll of immolation {unknown}
 p - a scroll of identify
 t - 2 scrolls of teleportation {unknown}
 u - a scroll of random uselessness {unknown}
 y - 3 scrolls of fear
 D - 2 scrolls of enchant armour {unknown}
Potions
 f - a potion of berserk rage {unknown}
 l - a potion of flight {unknown}
 m - 3 potions of curing {unknown}
 w - a potion of lignification {unknown}
 z - 2 potions of agility
 B - a potion of haste {unknown}
 G - 2 potions of mutation {unknown}
Books
 F - a Grand Grimoire

   Spells                             Type                      Level
   a - Monstrous Menagerie            Summoning                    7
   b - Summon Greater Demon           Summoning                    7
   c - Malign Gateway                 Summoning/Translocation      7
   d - Summon Horrible Things         Summoning                    8
Comestibles
 c - 2 bread rations
 i - a meat ration
 n - a chunk of flesh


   Skills:
 + Level 3.4 Fighting
 + Level 5.5 Maces & Flails
 + Level 2.2 Armour
 + Level 1.5 Dodging
 + Level 3.4 Invocations


You had 5 spell levels left.
You didn't know any spells.

Dungeon Overview and Level Annotations

Branches:
Dungeon (5/15)
 Temple: D:4-7

Altars:
Dithmenos
Okawaru
Qazlal

Annotations:
D:3 FrancescoMac's ghost, amateur DsGl


Innate Abilities, Weirdness & Mutations

You have a pair of small antennae on your head.
You are partially covered in yellow scales (AC +2).
When hurt, damage is shared between your health and your magic reserves.
You regenerate magic rapidly.


Message History

The ogre is moderately wounded.
You hit the ogre.
The ogre is heavily wounded.
The ogre hits you with a giant club!
You hit the ogre.
The ogre is severely wounded.
The ogre closely misses you.
You barely miss the ogre.
The ogre is severely wounded.
The ogre hits you with a giant club!
You barely miss the ogre.
The ogre is severely wounded.
You hit the ogre but do no damage.
The ogre is severely wounded.
The ogre hits you with a giant club!
* * * LOW HITPOINT WARNING * * *
You sock the ogre!
The ogre is almost dead.
The ogre hits you with a giant club!!
You die...

### ...# #..######
###.#.#...# .........###
## #.#.......#
#.##.........#
#.#.........# #
#...#.@O..(## ##.###
##...#<...#.####.#..# .
##..##.#....).# ...#.#
#..##..#####O###...#
#..###.##l##......#
#..###.##≈##.####O#
#......##≈#### ....
#..##############....
######..###......#<.....##


You could see an ogre.

Vanquished Creatures
  A centaur (D:4)
  2 hounds (D:4)
  An orc wizard (D:5)
  A worker ant (D:4)
  A hound skeleton (D:5)
  A howler monkey zombie (D:3)
  5 adders
  A river rat (D:3)
  4 oozes
  5 worms
  A dart slug (D:2)
  2 giant geckos (D:3)
  3 orcs
  3 ball pythons
  8 bats
  2 giant cockroaches
  3 goblins
  8 hobgoblins
  6 jackals
  3 quokkas
  2 giant newts
  12 kobolds
  11 rats
86 creatures vanquished.

Vanquished Creatures (others)
  A fungus (D:5)
1 creature vanquished.

Grand Total: 87 creatures vanquished

Notes
Turn   | Place    | Note
--------------------------------------------------------------
     0 | Abyss:1  | mrath the Demonspawn Abyssal Knight began the quest for the Orb.
     0 | Abyss:1  | Reached XP level 1. HP: 18/18 MP: 2/2
     0 | D:1      | Escaped the Abyss
    50 | D:1      | Reached skill level 2 in Maces & Flails
   200 | D:1      | Gained mutation: You are partially covered in yellow scales (AC +2). [demonic ancestry]
   200 | D:1      | Reached XP level 2. HP: 10/24 MP: 3/3
   382 | D:1      | Reached * piety under Lugonu
   650 | D:1      | Reached skill level 3 in Maces & Flails
   822 | D:1      | Gained mutation: You have a pair of small antennae on your head. [demonic ancestry]
   822 | D:1      | Reached XP level 3. HP: 25/29 MP: 4/4
  1012 | D:2      | Reached ** piety under Lugonu
  1470 | D:2      | Reached skill level 4 in Maces & Flails
  1470 | D:2      | Gained mutation: When hurt, damage is shared between your health and your magic reserves. [demonic ancestry]
  1470 | D:2      | Reached XP level 4. HP: 21/35 MP: 5/5
  2111 | D:3      | Found a faded altar to an unknown god.
  2407 | D:3      | Found an iron altar of Okawaru.
  2415 | D:3      | Noticed FrancescoMac's ghost (amateur DsGl)
  3176 | D:3      | Gained mutation: You regenerate magic rapidly. [demonic ancestry]
  3176 | D:3      | Reached XP level 5. HP: 41/41 MP: 6/6
  3245 | D:3      | Reached *** piety under Lugonu
  3299 | D:3      | Found a stormy altar of Qazlal.
  3300 | D:3      | Found a shadowy altar of Dithmenos.
  3469 | D:4      | Noticed a centaur
  3824 | D:4      | Reached skill level 5 in Maces & Flails
  4061 | D:4      | Killed a centaur
  4061 | D:4      | Reached skill level 1 in Dodging
  4061 | D:4      | Reached XP level 6. HP: 33/47 MP: 5/8
  4532 | D:5      | Entered Level 5 of the Dungeon
  4800 | D:5      | Slain by an ogre

Vault maps used:
D:1:      dpeg_arrival_radiant, hangedman_decor_growths
D:2:      first_bread
D:3:      okawaru_ov_weapons_minmay, gammafunk_temple_overflow_statue,
          ecumenical_altar_1, portal_sewer_entry_b
D:5:      minmay_temple_entry_fiery, serial_aquarium, aquarium_bridge_straight,
          aquarium_window_1, aquarium_window_fake, aquarium_view_2c,
          aquarium_view_2c, aquarium_pool_1, nicolae_ru_great_annihilating_truth

Skill      XL: |  1  2  3  4  5  6 |
---------------+-------------------+-----
Maces & Flails | 2 3 4 5 |  5.5
Armour         | 2 |  2.2
Dodging        | 1 |  1.5
Invocations    | 3 |  3.4
Fighting       | |  3.4

Action                   |  1- 3 |  4- 6 || total
-------------------------+-------+-------++-------
Melee: Mace              |   144 |   220 ||   364
Throw: Stone             |     4 |       ||     4
       Javelin           |       |     8 ||     8
Invok: Depart the Abyss  |     1 |       ||     1
       Bend Space        |       |     1 ||     1
  Use: Scroll            |       |     4 ||     4
  Eat: Chunk             |     2 |     7 ||     9
       Bread ration      |       |     1 ||     1
